 Dungeon Crawl Stone Soup version 0.22.1-6-g1668fe2 (webtiles) character file.

140483 rpgfanatic64 the Warrior (level 17, -19/113 HPs)
             Began as a Gargoyle Ice Elementalist on Feb 3, 2019.
             Was an Initiate of Gozag.
             Killed from afar by a frost giant (44 damage)
             ... with a bolt of cold
             ... on level 2 of the Depths on Feb 4, 2019.
             The game lasted 03:45:32 (27213 turns).

rpgfanatic64 the Warrior (GrIE)                    Turns: 27213, Time: 03:45:33

Health: -19/113    AC: 37    Str: 14    XL:     17   Next: 30%
Magic:  30/33      EV: 15    Int: 27    God:    Gozag
Gold:   9158       SH:  9    Dex: 15    Spells: 16/40 levels left

rFire    + + .     SeeInvis .   n - +10 rapier "Wexess" {venom, rElec rF++ Str-5 Stlth+}
rCold    . . .     Gourm    .   u - +3 buckler {AC+3}
rNeg     + . .     Faith    .   E - +4 robe of Augmentation {Str+4 Int+4 Dex+4}
rPois    ∞         Spirit   .   V - +2 helmet {Int+3}
rElec    +         Reflect  .   (no cloak)
rCorr    .         Harm     .   g - +2 pair of gloves {Dex+3}
MR       +....     Clarity  +   (no boots)
Stlth    +++++.....             A - amulet of regeneration
HPRegen  0.68/turn              h - ring of stealth
MPRegen  0.23/turn              P - ring of stealth

@: icy armour
A: big wings, clarity, clumsy 1, negative energy resistance 1, electricity
resistance, unbreathing, petrification resistance, rot immunity, MP-powered
wands, AC +12
a: Fly, Potion Petition, Call Merchant, Bribe Branch, Renounce Religion


You were on level 2 of the Depths.
You worshipped Gozag.
Gozag was greatly pleased with you.
You were not hungry.

You visited 7 branches of the dungeon, and saw 29 of its levels.
You also visited: Ossuary.

You collected 9847 gold pieces.
You spent 447 gold pieces at shops.
You paid 242 gold pieces to Gozag.

Inventory:

Hand Weapons
 n - the +10 rapier "Wexess" (weapon) {venom, rElec rF++ Str-5 Stlth+}
   (You found it on level 4 of the Dungeon)

   It poisons the flesh of those it strikes.
   It affects your strength (-5).
   It greatly protects you from fire.
   It insulates you from electricity.
   It makes you more stealthy.
 s - a +0 blowgun
Missiles
 q - 12 javelins of penetration (quivered)
 L - 3 curare-tipped needles
 T - 5 javelins
Armour
 g - a +2 pair of gloves of dexterity (worn)
 u - a +3 buckler of protection (worn)
 E - the +4 robe of Augmentation (worn) {Str+4 Int+4 Dex+4}
   (You found it on level 10 of the Dungeon)

   It affects your strength (+4).
   It affects your intelligence (+4).
   It affects your dexterity (+4).
 V - a +2 helmet of intelligence (worn)
Jewellery
 f - an uncursed ring of fire
 h - a ring of stealth (left hand)
 r - an uncursed ring of positive energy
 A - an amulet of regeneration (around neck)
 F - an uncursed ring of fire
 J - an uncursed ring of protection from cold
 M - an uncursed ring of resist corrosion {unknown}
 P - a ring of stealth (right hand)
Wands
 o - a wand of clouds (5)
 t - a wand of flame (32)
 x - a wand of paralysis (14)
 B - a wand of enslavement (17)
 C - a wand of digging (34)
 G - a wand of random effects (24)
 H - a wand of disintegration (11)
 I - a wand of polymorph (32)
 U - a wand of iceblast (10)
Scrolls
 a - 3 scrolls of amnesia
 b - 16 scrolls of identify
 d - 14 scrolls of teleportation
 j - 11 scrolls of remove curse
 k - 5 scrolls of fog
 l - 3 scrolls of enchant weapon
 m - a scroll of holy word
 y - 2 scrolls of brand weapon
 z - a scroll of enchant armour
 Q - 2 scrolls of magic mapping
 S - a scroll of silence {unknown}
Potions
 e - 3 potions of haste
 i - 14 potions of curing
 p - a potion of resistance
 D - 2 potions of agility
Miscellaneous
 w - a lamp of fire (inert)
Comestibles
 c - 27 rations


   Skills:
 - Level 15.0 Fighting
 - Level 14.0 Short Blades
 - Level 2.2 Throwing
 - Level 2.7 Armour
 - Level 5.1 Dodging
 - Level 2.4 Stealth
 - Level 6.7 Shields
 - Level 0.3 Unarmed Combat
 - Level 12.0 Spellcasting
 - Level 9.0 Conjurations
 - Level 5.0 Charms
 - Level 3.2 Summonings
 - Level 1.0 Translocations
 - Level 7.0 Fire Magic
 + Level 8.2 Ice Magic
 - Level 5.0 Air Magic
 - Level 3.6 Evocations


You had 16 spell levels left.
You knew the following spells:

 Your Spells              Type           Power        Failure   Level  Hunger
a - Freeze                Ice            ####         1%          1    None
b - Ozocubu's Armour      Chrm/Ice       ######..     1%          3    None
c - Conjure Flame         Conj/Fire      ######..     1%          3    None
d - Summon Ice Beast      Ice/Summ       #####...     3%          4    None
e - Fireball              Conj/Fire      ######....   3%          5    ###....
f - Blink                 Tloc           N/A          3%          2    None
g - Freezing Cloud        Conj/Ice/Air   ######....   26%         6    #####..

Your spell library contained the following spells:

 Spells                   Type           Power        Failure   Level  Hunger
 Flame Tongue             Conj/Fire      #####        1%          1    None
 Magic Dart               Conj           ####         1%          1    None
 Call Imp                 Summ           ####....     1%          2    None
 Poisonous Vapours        Pois/Air       ####..       1%          2    None
 Throw Flame              Conj/Fire      ######       1%          2    None
 Throw Frost              Conj/Ice       ######       1%          2    None
 Mephitic Cloud           Conj/Pois/Air  #####...     1%          3    None
 Sticky Flame             Conj/Fire      ######..     1%          4    None
 Throw Icicle             Conj/Ice       ######..     1%          4    None
 Inner Flame              Hex/Fire       #####...     2%          3    None
 Slow                     Hex            ###.....     5%          2    None
 Cause Fear               Hex            ###.......   34%         4    None
 Silence                  Hex/Air        ####......   34%         5    ###....
 Deflect Missiles         Chrm/Air       #####.....   56%         6    #####..
 Yara's Violent Unravell  Hex/Tmut       ###.......   67%         5    ###....
 Ring of Flames           Chrm/Fire      #####.....   94%         7    ######.
 Discord                  Hex            ###.......   100%        8    #######


Dungeon Overview and Level Annotations

Branches:
Dungeon (15/15)            Temple (0/1) D:5            Lair (4/6) D:9
 Shoals (1/4) Lair:4        Snake (2/4) Lair:2          Orc (2/2) D:9
    Elf (2/3) Orc:2        Vaults (0/5) D:14         Depths (3/5) D:15

Altars:
Cheibriados
Elyvilon
Gozag
Okawaru
Qazlal
Ru
Sif Muna
Trog
Xom
The Shining One
Beogh

Shops:
D:8 (   D:14 [   D:15 }   Orc:1 }   Orc:2 *:([!   Depths:1 %[}

Portals:
Hell: Depths:1 Depths:2
Abyss: Depths:1
Trove: D:14 (give 6 potions of haste)

Annotations:
D:14 6 haste trove
Lair:3 exclusion: oklob plant
Snake:2 Louise
Elf:1 exclusion: Roxanne, Roxanne Trove 6 haste


Innate Abilities, Weirdness & Mutations

You are resistant to torment.
Your stone body is resilient. (AC +12)
You are immune to poison.
Your large and strong wings let you fly indefinitely.
You resist negative energy. (rN+)
You are resistant to electric shocks. (rElec)
You can survive without breathing.
You are immune to petrification.
You are immune to rotting.
You possess an exceptional clarity of mind.
You are clumsy. (Dex -2)
You expend magic power (3 MP) to strengthen your wands.


Message History

You hit the frost giant.
The frost giant is almost dead.
The frost giant barely misses you.
You completely miss the frost giant.
The frost giant is almost dead.
You hit the frost giant.
The frost giant looks as sick as possible!
The frost giant is almost dead.
The frost giant gestures at you while chanting.
The bolt of cold hits you!
* * * LOW HITPOINT WARNING * * *
You hit the frost giant.
The frost giant is almost dead.
You hit the frost giant but do no damage.
The frost giant looks as sick as possible!
The frost giant is almost dead.
The frost giant casts a spell at you. The bolt of cold hits you!
You die...
Your body crumbles into a pile of gold.

#....###..#
######..#.#(##
######..##.......#
##..#.....#.......#
#.........#...).####
##................###
##.............>...#.#
.##........#.........#..
.....=.@##..∩...........
.###..##C...............
#.. ................ ##
.................
..≈≈.≈≈≈..........
≈≈..≈≈..........
.≈≈.............
....≈≈≈.........
..≈.......##


You could see a frost giant.

Vanquished Creatures
  Saint Roka (Orc:2)
  Rupert (Snake:1)
  A quicksilver dragon (Depths:2)
  Agnes (Elf:2)
  4 fire giants (Depths:2)
  A frost giant (Depths:1)
  An orc warlord (D:9)
  3 very ugly things (Depths:1)
  2 stone giants
  A deep elf death mage (Elf:1)
  A merfolk javelineer (Depths:2)
  An ettin (Depths:2)
  A merfolk impaler (Lair:4)
  A fire dragon (Depths:2)
  A yaktaur captain (Depths:1)
  2 rakshasas
  A great orb of eyes (D:15)
  5 naga warriors
  A spriggan air mage (Depths:2)
  5 hydras
  The ghost of Tang the Grappler, a novice TrWr (Lair:1)
  4 ice dragons
  A queen ant (shapeshifter) (Depths:1)
  2 anacondas (Snake:1)
  A death knight (D:15)
  5 centaur warriors
  2 deep troll shamans
  3 deep troll earth magi (Depths:1)
  13 two-headed ogres
  7 death yaks
  4 ogre magi
  3 tengu warriors (Depths:2)
  An orc high priest (Orc:1)
  A shock serpent (Snake:1)
  A naga sharpshooter (Snake:1)
  6 deep elf knights
  Urug (Orc:1)
  Sonja (Lair:3)
  2 deep trolls (Depths:1)
  A spriggan druid (Depths:1)
  A flayed ghost (Depths:1)
  2 necromancers
  Pikel (D:6)
  3 deep elf archers
  4 orc knights
  A wizard (Depths:2)
  An orb spider (shapeshifter) (Depths:2)
  A mana viper (shapeshifter) (Elf:2)
  3 orc sorcerers (Orc:2)
  29 deep elf magi
  A fire giant zombie (Depths:2)
  A mana viper (Snake:1)
  4 oklob plants (Lair:3)
  2 ugly things
  A manticore (D:12)
  A salamander (Snake:1)
  4 cyclopes
  11 black mambas (Snake:1)
  A manticore (shapeshifter) (Depths:1)
  A guardian serpent (Snake:1)
  3 naga magi (Snake:1)
  A merfolk siren (Lair:4)
  Maurice (D:12)
  8 spiny frogs
  2 gargoyles
  4 kobold demonologists
  4 centaur skeletons
  A komodo dragon (D:14)
  2 freezing wraiths
  A yaktaur (Depths:1)
  4 rime drakes (Lair:1)
  A spriggan skeleton (Depths:2)
  2 polar bears
  10 trolls
  A merfolk (Lair:4)
  A fire giant simulacrum (Depths:2)
  18 blink frogs
  11 hippogriffs
  5 wraiths
  2 air elementals
  A centaur simulacrum (D:14)
  3 water elementals
  16 yaks
  A tarantella (shapeshifter) (Elf:1)
  A wyvern (D:12)
  3 hogs (D:10)
  A human (D:10)
  3 basilisks
  2 steam dragons
  4 vampire mosquitoes (D:12)
  10 nagas
  3 wargs
  Edmund (D:4)
  16 porcupines
  Duvessa (D:6)
  8 water moccasins
  37 orc warriors
  4 ice beasts
  A slave (D:6)
  2 sky beasts (D:14)
  4 black bears
  An eye of draining (D:13)
  4 phantoms
  3 boggarts (Depths:2)
  3 necrophages
  16 ogres
  15 wolves
  16 centaurs
  10 crocodiles
  3 big kobolds
  2 wyvern zombies (D:14)
  13 bullfrogs
  A gnoll sergeant (D:12)
  A water moccasin skeleton (D:10)
  5 scorpions
  A blink frog simulacrum (Lair:1)
  4 wights (D:12)
  4 electric eels
  7 howler monkeys
  4 crimson imps
  3 bullfrog zombies
  3 hounds
  3 centaur zombies
  3 jellies
  4 bullfrog skeletons
  15 orc priests
  A water moccasin simulacrum (Lair:1)
  25 orc wizards
  2 iguanas
  14 worker ants
  7 hell rats
  A yak simulacrum (Lair:1)
  2 bullfrog simulacra (Lair:1)
  A porcupine simulacrum (Lair:1)
  4 hound skeletons
  3 mummies (Ossuary)
  A howler monkey zombie (D:10)
  2 worker ant zombies
  15 gnolls
  2 howler monkey skeletons
  9 adders
  14 river rats
  4 shadow imps
  An adder zombie (D:6)
  An adder skeleton (D:10)
  3 worms
  3 dart slugs
  4 leopard geckos
  64 orcs
  4 giant cockroaches
  9 hobgoblins
  11 jackals
  11 quokkas
  2 ball pythons
  A ball python skeleton (D:5)
  13 bats
  5 frilled lizards
  A gnoll zombie (Ossuary)
  12 goblins
  6 goblin zombies (Ossuary)
  A hobgoblin zombie (Ossuary)
  16 kobolds
  2 kobold zombies (Ossuary)
  A leopard gecko zombie (D:5)
  A quokka zombie (D:10)
  19 rats
814 creatures vanquished.

Vanquished Creatures (collateral kills)
  A sphinx (Depths:2)
  2 deep elf magi (Elf:1)
  A naga (Snake:1)
  An orc warrior (Orc:2)
  An orc (Orc:1)
6 creatures vanquished.

Vanquished Creatures (others)
  A dancing weapon (Elf:1)
  The ghost of Renzlar the Gusty, an amateur TeAE (D:3)
  A centaur (D:13)
  Dowan (D:6)
  A hound (D:6)
  An adder (D:2)
  An adder zombie (D:3)
  A leopard gecko (D:6)
  2 frilled lizards
  A leopard gecko skeleton (D:6)
  A bush (Lair:4)
  2 fungi
  3 plants
17 creatures vanquished.

Grand Total: 837 creatures vanquished

Notes
Turn   | Place    | Note
-------+----------+-------------------------------------------
     0 | D:1      | rpgfanatic64 the Gargoyle Ice Elementalist began the quest
                  | for the Orb.
     0 | D:1      | Reached XP level 1. HP: 10/10 MP: 3/3
   174 | D:1      | Reached XP level 2. HP: 16/16 MP: 3/5
   222 | D:1      | Reached skill level 1 in Fighting
   674 | D:1      | Reached XP level 3. HP: 20/20 MP: 2/6
   747 | D:1      | Learned a level 3 spell: Ozocubu's Armour
  1430 | D:2      | Reached XP level 4. HP: 20/25 MP: 5/8
  1492 | D:2      | Found a white marble altar of Elyvilon.
  2106 | D:3      | Found a stormy altar of Qazlal.
  2108 | D:3      | Noticed a water elemental
  2109 | D:3      | Noticed an air elemental
  2109 | D:3      | Noticed an earth elemental
  2109 | D:3      | Noticed a fire elemental
  2127 | D:3      | Found a runed gate.
  2128 | D:3      | Found a runed gate.
  2128 | D:3      | Found an opulent altar of Gozag.
  2129 | D:3      | Found a runed gate.
  2130 | D:3      | Noticed Renzlar's ghost (amateur TeAE)
  2165 | D:3      | Gained mutation: Armour fits poorly on your strangely
                  | shaped body. [potion of mutation]
  2165 | D:3      | Gained mutation: You tend to lose your temper in combat.
                  | [potion of mutation]
  2165 | D:3      | Gained mutation: Your mind is acute. (Int +2) [potion of
                  | mutation]
  2171 | D:3      | Reached skill level 2 in Fighting
  2220 | D:3      | Killed Renzlar's ghost
  2220 | D:3      | Reached XP level 5. HP: 10/30 MP: 0/10
  2252 | D:3      | Became a worshipper of Gozag Ym Sagoz the Greedy
  3088 | D:4      | Got a bone rapier
  3094 | D:4      | Identified the +10 rapier "Wexess" {venom, rElec rF++ Str-5
                  | Stlth+} (You found it on level 4 of the Dungeon)
  3112 | D:4      | Noticed Edmund
  3129 | D:4      | Reached XP level 6. HP: 23/36 MP: 2/11
  3140 | D:4      | Killed Edmund
  3140 | D:4      | Reached skill level 3 in Fighting
  3143 | D:4      | Reached skill level 5 in Ice Magic
  3143 | D:4      | Reached XP level 7. HP: 25/41 MP: 2/13
  3248 | D:4      | Reached skill level 1 in Short Blades
  3269 | D:4      | Found an opulent altar of Gozag.
  3500 | D:5      | Entered Level 5 of the Dungeon
  3526 | D:5      | Found a staircase to the Ecumenical Temple.
  3980 | D:5      | Reached skill level 4 in Fighting
  4041 | D:5      | Reached XP level 8. HP: 23/48 MP: 11/14
  4183 | D:5      | Reached skill level 5 in Short Blades
  4408 | D:6      | Noticed Pikel
  4428 | D:6      | Killed Pikel
  4428 | D:6      | Reached skill level 5 in Fighting
  4428 | D:6      | Reached skill level 1 in Shields
  4459 | D:6      | Reached XP level 9. HP: 54/54 MP: 15/15
  4607 | D:6      | Found a glowing golden altar of the Shining One.
  4667 | D:6      | Noticed Dowan
  4670 | D:6      | Found a deep blue altar of Sif Muna.
  4696 | D:6      | Killed Dowan
  4704 | D:6      | Noticed Duvessa
  4715 | D:6      | Killed Duvessa
  5170 | D:7      | Reached skill level 6 in Fighting
  5809 | D:8      | Found a sand-covered staircase.
  5820 | Ossuary  | Entered an ossuary
  5878 | Ossuary  | Reached XP level 10. HP: 50/61 MP: 16/16
  6653 | D:8      | Reached skill level 7 in Fighting
  6859 | D:8      | Found Liegum's Weapon Emporium.
  7429 | D:7      | Reached skill level 10 in Short Blades
  7649 | D:7      | Found a shimmering altar of Xom.
  7650 | D:7      | Found an iron altar of Okawaru.
  8373 | D:9      | Noticed a two-headed ogre
  8388 | D:9      | Killed a two-headed ogre
  8388 | D:9      | Reached skill level 8 in Fighting
  8468 | D:9      | Noticed a death yak
  8469 | D:9      | Found a staircase to the Lair.
  8471 | D:9      | Noticed a death yak
  8471 | D:9      | Noticed a death yak
  8502 | D:9      | Killed a death yak
  8502 | D:9      | Reached XP level 11. HP: 53/69 MP: 14/17
  8514 | D:9      | Killed a death yak
  8538 | D:9      | Killed a death yak
  8628 | D:9      | Found a staircase to the Orcish Mines.
  8862 | D:10     | Entered Level 10 of the Dungeon
  8914 | D:10     | Reached skill level 9 in Fighting
  9247 | D:10     | Found the +4 robe of Augmentation {Str+4 Int+4 Dex+4}
  9507 | D:10     | Noticed a two-headed ogre
  9519 | D:10     | Killed a two-headed ogre
  9753 | D:10     | Reached skill level 10 in Fighting
  9899 | D:10     | Found a sacrificial altar of Ru.
 10448 | D:12     | Noticed a manticore
 10450 | D:12     | Noticed Maurice
 10463 | D:12     | Killed a manticore
 10463 | D:12     | Reached XP level 12. HP: 71/77 MP: 15/18
 10482 | D:12     | Killed Maurice
 11635 | D:13     | Noticed a centaur warrior
 11639 | D:13     | Noticed a centaur warrior
 11651 | D:13     | Killed a centaur warrior
 11651 | D:13     | Reached skill level 11 in Fighting
 11826 | D:13     | Found a snail-covered altar of Cheibriados.
 12023 | D:13     | Reached skill level 5 in Shields
 12210 | D:13     | Killed a centaur warrior
 12602 | D:14     | Reached skill level 12 in Fighting
 13046 | D:14     | Found a portal to a secret trove of treasure.
 13211 | D:14     | Noticed a soul eater
 13261 | D:14     | Reached XP level 13. HP: 63/87 MP: 19/19
 13326 | D:14     | Reached skill level 1 in Armour
 13333 | D:14     | Found Niajuz's Armour Boutique.
 13386 | D:14     | Reached skill level 1 in Charms
 13400 | D:14     | Found a gate to the Vaults.
 13803 | Lair:1   | Entered Level 1 of the Lair of Beasts
 13919 | Lair:1   | Noticed an ice dragon
 13919 | Lair:1   | Noticed Tang's ghost (novice TrWr)
 13940 | Lair:1   | Found a runed gate.
 13940 | Lair:1   | Found a runed gate.
 13940 | Lair:1   | Found a runed gate.
 14001 | Lair:1   | Killed Tang's ghost
 14079 | Lair:1   | Killed an ice dragon
 14094 | Lair:1   | Found a shimmering altar of Xom.
 14218 | Lair:1   | Reached skill level 1 in Evocations
 14550 | Lair:1   | Reached skill level 5 in Spellcasting
 15134 | Lair:2   | Found a staircase to the Snake Pit.
 15506 | Lair:3   | Reached skill level 5 in Charms
 15602 | Lair:3   | Noticed Sonja
 15713 | Lair:3   | Killed Sonja
 16127 | Lair:3   | Learned a level 3 spell: Conjure Flame
 16132 | Lair:3   | Learned a level 4 spell: Summon Ice Beast
 16724 | Lair:3   | Gained mutation: Your large and strong wings let you fly
                  | indefinitely. [Gargoyle growth]
 16724 | Lair:3   | Reached XP level 14. HP: 92/92 MP: 20/24
 16765 | Lair:3   | Got a faintly humming robe
 16773 | Lair:3   | Identified the +1 robe of Lies {rPois MR+} (You found it on
                  | level 3 of the Lair of Beasts)
 16868 | Lair:4   | Reached skill level 1 in Fire Magic
 16942 | Lair:4   | Reached skill level 1 in Summonings
 17761 | Lair:4   | Found a staircase to the Shoals.
 18146 | Shoals:1 | Entered Level 1 of the Shoals
 18244 | Snake:1  | Entered Level 1 of the Snake Pit
 18593 | Snake:1  | Noticed Rupert
 18708 | Snake:1  | Killed Rupert
 18888 | Snake:1  | Reached skill level 5 in Conjurations
 19237 | Snake:1  | Learned a level 5 spell: Fireball
 19351 | Snake:1  | Reached skill level 5 in Fire Magic
 19512 | Snake:1  | Reached XP level 15. HP: 97/97 MP: 22/28
 19671 | Snake:2  | Noticed Louise
 20012 | Orc:1    | Entered Level 1 of the Orcish Mines
 20013 | Orc:1    | Noticed an orc warlord
 20156 | D:9      | Killed an orc warlord
 20392 | Orc:1    | Noticed Urug
 20410 | Orc:1    | Killed Urug
 20740 | Orc:1    | Found Carruboe's Gadget Shop.
 20845 | Orc:2    | Entered Level 2 of the Orcish Mines
 20871 | Orc:2    | Found a bloodstained altar of Trog.
 21037 | Orc:2    | Found Eggaffot's Distillery.
 21455 | Orc:2    | Reached skill level 13 in Fighting
 21459 | Orc:2    | Learned a level 2 spell: Blink
 21481 | Orc:2    | Found a staircase to the Elven Halls.
 21724 | Orc:2    | Noticed Saint Roka
 21750 | Orc:2    | Found a roughly hewn altar of Beogh.
 21784 | Orc:2    | Killed Saint Roka
 21784 | Orc:2    | Reached skill level 10 in Spellcasting
 21851 | Orc:2    | Paralysed by an orc sorcerer for 2 turns
 21858 | Orc:2    | Found Revyubb's Book Shop.
 21970 | Orc:2    | Found Uwnewkusm's Antique Armour Shop.
 22018 | Orc:2    | Found Yhetyen's Antique Weapon Shop.
 22033 | Orc:2    | Found Uppirph's General Store.
 22041 | Orc:2    | Bought a potion of might for 52 gold pieces
 22041 | Orc:2    | Bought a ration for 65 gold pieces
 22097 | Elf:1    | Entered Level 1 of the Elven Halls
 22593 | Elf:1    | Reached skill level 14 in Fighting
 22698 | Elf:1    | Reached skill level 1 in Throwing
 23102 | Elf:1    | Lost mutation: Armour fits poorly on your strangely shaped
                  | body. [potion of mutation]
 23102 | Elf:1    | Lost mutation: Your mind is acute. (Int +2) [potion of
                  | mutation]
 23102 | Elf:1    | Lost mutation: You tend to lose your temper in combat.
                  | [potion of mutation]
 23102 | Elf:1    | Gained mutation: You expend magic power (3 MP) to
                  | strengthen your wands. [potion of mutation]
 23102 | Elf:1    | Gained mutation: You are clumsy. (Dex -2) [potion of
                  | mutation]
 23102 | Elf:1    | Gained mutation: You possess an exceptional clarity of
                  | mind. [potion of mutation]
 23173 | Elf:1    | Noticed Roxanne
 23261 | Elf:2    | Reached XP level 16. HP: 36/107 MP: 23/30
 23458 | Elf:2    | Noticed Agnes
 23481 | Elf:2    | Killed Agnes
 23770 | Elf:2    | Noticed a deep elf blademaster
 24159 | D:15     | Entered Level 15 of the Dungeon
 24192 | D:15     | Reached skill level 1 in Translocations
 24358 | D:15     | Reached skill level 15 in Fighting
 24751 | D:15     | Found Fezusisa's Gadget Shop.
 24828 | D:15     | Found a staircase to the Depths.
 24854 | Depths:1 | Entered Level 1 of the Depths
 24864 | Depths:1 | Found Moosm's Food Emporium.
 24920 | Depths:1 | Found a one-way gate to the infinite horrors of the Abyss.
 24925 | Depths:1 | Found a gateway to Hell.
 25154 | Depths:1 | Learned a level 6 spell: Freezing Cloud
 25322 | Depths:1 | Found Hime's Gadget Emporium.
 25322 | Depths:1 | Found Plog's Armour Shoppe.
 25353 | Depths:1 | Bought a +1 helmet of intelligence for 330 gold pieces
 25461 | Depths:1 | Reached skill level 1 in Air Magic
 26372 | Depths:2 | Noticed a quicksilver dragon
 26389 | Depths:2 | Killed a quicksilver dragon
 26438 | Depths:2 | Reached XP level 17. HP: 51/113 MP: 8/33
 26465 | Depths:2 | Reached skill level 5 in Air Magic
 26620 | Depths:2 | Noticed a sphinx
 26637 | Depths:2 | Paralysed by a sphinx for 6 turns
 26643 | Depths:2 | Killed a sphinx
 26667 | Depths:2 | Reached skill level 5 in Dodging
 27213 | Depths:2 | Killed from afar by a frost giant

Skill      XL: |  1  2  3  4  5  6  7  8  9 10 11 12 13 14 15 16 17 |
---------------+----------------------------------------------------+-----
Fighting       | 1 2 3 4 5 6 8 10 12 14 15 | 15.0
Spellcasting   | 3 4 7 9 10 12 | 12.0
Ice Magic      | 4 5 6 7 8 |  8.2
Short Blades   | 3 6 9 11 13 14 | 14.0
Shields        | 1 2 3 4 5 6 |  6.7
Armour         | 2 |  2.7
Dodging        | 3 4 5 |  5.1
Charms         | 5 |  5.0
Evocations     | 3 |  3.6
Fire Magic     | 5 7 |  7.0
Summonings     | 3 |  3.2
Conjurations   | 7 8 9 |  9.0
Throwing       | 1 2 |  2.2
Translocations | 1 |  1.0
Air Magic      | 4 5 |  5.0
Stealth        | |  2.4
Unarmed Combat | |  0.3

Action                   |  1- 3 |  4- 6 |  7- 9 | 10-12 | 13-15 | 16-18 || total
-------------------------+-------+-------+-------+-------+-------+-------++-------
Melee: Unarmed           |    53 |    89 |       |     5 |       |       ||   147
       Rapier            |       |    15 |   296 |   765 |  1511 |   603 ||  3190
       Punch             |       |     1 |       |       |       |       ||     1
 Fire: Blowgun           |       |       |       |       |     4 |       ||     4
Throw: Javelin           |       |       |       |       |    10 |    16 ||    26
 Cast: Freeze            |    67 |    72 |       |       |       |       ||   139
       Ozocubu's Armour  |       |     3 |    10 |    13 |   105 |    42 ||   173
       Summon Ice Beast  |       |       |       |       |    25 |    10 ||    35
       Conjure Flame     |       |       |       |       |    20 |     7 ||    27
       Fireball          |       |       |       |       |    13 |     6 ||    19
       Blink             |       |       |       |       |     2 |       ||     2
Invok: Potion Petition   |       |     1 |       |       |       |     1 ||     2
Evoke: Wand              |       |       |       |     4 |    26 |    15 ||    45
       Lamp of fire      |       |       |       |       |     1 |     1 ||     2
  Use: Potion            |       |     3 |     1 |    11 |     7 |     4 ||    26
       Scroll            |       |     5 |     4 |    13 |    11 |     7 ||    40
 Stab: Sleeping          |     5 |     3 |    12 |    15 |    11 |     6 ||    52
       Distracted        |       |       |     3 |     5 |    11 |     6 ||    25
       Confused          |       |       |       |     1 |       |       ||     1
       Invisible         |       |       |       |       |     3 |       ||     3
  Eat: Chunk             |     2 |     4 |       |       |       |       ||     6
       Ration            |       |     1 |     2 |     8 |    11 |     4 ||    26
Armor: Robe              |    52 |    56 |    91 |   253 |   433 |   171 ||  1056
       Skin              |       |       |       |       |     1 |       ||     1
Dodge: Dodged            |    75 |    82 |   118 |   215 |   507 |   203 ||  1200
Block: Buckler           |       |       |    55 |   162 |   416 |   143 ||   776
